 Dungeon Crawl Stone Soup version 0.22.1-2-g9c5b331 (webtiles) character file.

233 diana the Cutter (level 5, 0/41 HPs)
             Began as a Demonspawn Gladiator on Dec 29, 2018.
             Succumbed to a big kobold's poison
             ... on level 3 of the Dungeon.
             The game lasted 00:02:35 (2484 turns).

diana the Cutter (Demonspawn Gladiator)             Turns: 2484, Time: 00:02:36

Health: 0/41       AC:  4    Str: 15    XL:     5   Next: 75%
Magic:  5/5        EV: 19    Int: 10    God:
Gold:   154        SH:  0    Dex: 19    Spells: 4/4 levels left

rFire    . . .     SeeInvis .   a - +0 rapier
rCold    . . .     Gourm    .   (no shield)
rNeg     . . .     Faith    .   b - +0 leather armour
rPois    .         Spirit   +   c - +0 helmet
rElec    .         Reflect  .   (no cloak)
rCorr    .         Harm     .   (no gloves)
MR       .....                  (no boots)
Stlth    ++........             (no amulet)
HPRegen  0.13/turn              (no ring)
MPRegen  0.09/turn              (no ring)

@: agile, lethally poisoned (0 -> -37), flying
A: magic shield
a: no special abilities


You were on level 3 of the Dungeon.
You were not hungry.

You visited 1 branch of the dungeon, and saw 3 of its levels.

You collected 154 gold pieces.

Inventory:

Hand Weapons
 a - a +0 rapier (weapon)
Missiles
 d - 3 throwing nets (quivered)
Armour
 b - a +0 leather armour (worn)
 c - a +0 helmet (worn)
Jewellery
 n - an uncursed ring of positive energy {unknown}
Scrolls
 e - a scroll of fear {unknown}
 h - 3 scrolls of identify {unknown}
 i - a scroll of teleportation {unknown}
 k - 2 scrolls of magic mapping {unknown}
 l - 2 scrolls of remove curse {unknown}
 m - 2 scrolls of blinking {unknown}
 o - a scroll of fog {unknown}
Potions
 j - a potion of flight
Comestibles
 f - 3 rations


   Skills:
 + Level 3.1 Fighting
 * Level 4.3 Short Blades
 - Level 1.7 Throwing
 + Level 2.1 Armour
 + Level 3.5 Dodging


You had 4 spell levels left.
You didn't know any spells.
Your spell library was empty.

Dungeon Overview and Level Annotations

Branches:
Dungeon (3/15)

Altars:
Cheibriados
Trog
The Shining One


Innate Abilities, Weirdness & Mutations

When hurt, damage is shared between your health and your magic reserves.


Message History

The big kobold is severely wounded.
* * * LOW HITPOINT WARNING * * *
You feel very sick. The kobold closely misses you.
The big kobold hits you but does no damage.
You are more poisoned.
It was a potion of agility.
You feel agile all of a sudden.
* * * LOW HITPOINT WARNING * * *
You feel very sick. The kobold hits you but does no damage.
The big kobold closely misses you.
It was a potion of flight.
You feel very buoyant.
You fly up into the air.
* * * LOW HITPOINT WARNING * * *
You feel very sick. The big kobold misses you. The kobold misses you.
You hit the big kobold but do no damage.
The big kobold is severely wounded.
You die...

#.# # K# .. #.##
##.##.###.# #..#
#.........
##.#####.##.)..###
#>......##.#.....
#)#####.##....###
#.(((.#.#รท......#
##......(.[KK..#
#.[)...#.###@.####...
##..#.###.###.........
#.........#...########
#...#.#####...#
#...#.# #...#
###.....# ####.####
#.......# #.......#
#....##.# #.##.##.#
#..####.#
#.##.##.#######


You could see a big kobold and a kobold.

Vanquished Creatures
  3 jellies (D:2)
  4 adders
  7 oozes (D:2)
  2 worms (D:2)
  3 dart slugs (D:1)
  2 leopard geckos (D:2)
  An orc (D:3)
  A giant cockroach (D:1)
  4 goblins
  8 hobgoblins
  A ball python (D:2)
  4 bats
  7 frilled lizards
  A giant cockroach zombie (D:2)
  16 kobolds
  4 rats
68 creatures vanquished.

Vanquished Creatures (others)
  A dart slug (D:1)
  A fungus (D:2)
  9 toadstools (D:2)
11 creatures vanquished.

Grand Total: 79 creatures vanquished

Notes
Turn   | Place    | Note
-------+----------+-------------------------------------------
     0 | D:1      | diana the Demonspawn Gladiator began the quest for the Orb.
     0 | D:1      | Reached XP level 1. HP: 16/16 MP: 1/1
    48 | D:1      | Gained mutation: When hurt, damage is shared between your
                  | health and your magic reserves. [demonic ancestry]
    48 | D:1      | Reached XP level 2. HP: 19/22 MP: 2/2
   173 | D:1      | Reached skill level 3 in Short Blades
   700 | D:2      | Reached XP level 3. HP: 26/28 MP: 3/3
   709 | D:2      | Reached skill level 1 in Armour
   743 | D:2      | Found a bloodstained altar of Trog.
   916 | D:2      | Found a snail-covered altar of Cheibriados.
  1106 | D:2      | Found a glowing golden altar of the Shining One.
  1521 | D:2      | Reached XP level 4. HP: 33/34 MP: 4/4
  1642 | D:2      | Reached XP level 5. HP: 31/40 MP: 5/5
  1653 | D:2      | Reached skill level 4 in Short Blades
  2484 | D:3      | Succumbed to a big kobold's poison

Skill      XL: |  1  2  3  4  5 |
---------------+----------------+-----
Short Blades   | 3 4 |  4.3
Armour         | 1 2 |  2.1
Dodging        | 3 |  3.5
Fighting       | 3 |  3.1
Throwing       | |  1.7

Action                   |  1- 3 |  4- 6 || total
-------------------------+-------+-------++-------
Melee: Rapier            |   142 |   136 ||   278
  Use: Potion            |       |     2 ||     2
 Stab: Sleeping          |     3 |     1 ||     4
  Eat: Chunk             |     2 |     3 ||     5
Armor: Leather armour    |    31 |    38 ||    69
Dodge: Dodged            |   100 |   102 ||   202
